 Dungeon Crawl Stone Soup version 0.22-a0-223-g0f5d773 (webtiles) character file.

17275 tsouns the Nimble (level 12, -4/94 HPs)
             Began as a Gnoll Wanderer on Feb 18, 2018.
             Was an Initiate of Gozag.
             Killed from afar by Nergalle (31 damage)
             ... with a bolt of negative energy
             ... on level 12 of the Dungeon.
             The game lasted 00:39:51 (15671 turns).

tsouns the Nimble (Gnoll Wanderer)                 Turns: 15671, Time: 00:39:53

Health: -4/94      AC: 21    Str: 19    XL:     12   Next: 46%
Magic:  22/22      EV:  8    Int: 19    God:    Gozag
Gold:   2029       SH: 15    Dex: 16    Spells: 22/25 levels left

rFire    . . .     SeeInvis +   R - +2 rapier (venom)
rCold    . . .     Gourm    .   S - +0 large shield
rNeg     . . .     Faith    .   H - +3 chain mail
rPois    .         Spirit   .   F - +2 helmet
rElec    .         Reflect  .   p - +0 cloak
rCorr    .         Harm     .   e - +0 pair of gloves
MR       .....                  G - +1 pair of boots
Stlth    +.........             J - amulet of magic regeneration
HPRegen  0.25/turn              O - ring of wizardry
MPRegen  0.43/turn              z - ring "Plog" {SInv Stlth+}

@: mighty, about to teleport, gold aura, drained
A: distributed training, fangs 1, strong nose
a: Potion Petition, Call Merchant, Bribe Branch, Renounce Religion


You were on level 12 of the Dungeon.
You worshipped Gozag.
Gozag was most pleased with you.
You were not hungry.

You visited 1 branch of the dungeon, and saw 12 of its levels.

You collected 3117 gold pieces.
You spent 455 gold pieces at shops.
You paid 633 gold pieces to Gozag.

Inventory:

Hand Weapons
 b - a +0 dagger of venom
 i - a +1 hand axe of chopping
 r - a +0 blowgun
 y - a +0 spear of flaming
 B - a +1 halberd of venom
 E - a +1 flail of protection
 R - a +2 rapier of venom (weapon)
Missiles
 g - 25 poisoned needles
 v - 6 javelins (quivered)
 C - 18 tomahawks
Armour
 e - a +0 pair of gloves (worn)
 l - a +0 ring mail
 p - a +0 cloak (worn)
 F - a +2 helmet (worn)
 G - a +1 pair of boots (worn)
 H - a +3 chain mail (worn)
 P - a +0 plate armour
 S - a +0 large shield (worn)
Jewellery
 q - an uncursed ring of resist corrosion
 z - the ring "Plog" (right hand) {SInv Stlth+}
   (You took it off an orc on level 6 of the Dungeon)

   [ring of see invisible]

   It lets you see invisible.
   It makes you more stealthy.
 J - an amulet of magic regeneration (around neck)
 O - a ring of wizardry (left hand)
Wands
 a - a wand of flame (37)
 s - a wand of iceblast (11)
 x - a wand of random effects (67)
 A - a wand of acid (10)
 Q - a wand of enslavement (5)
Scrolls
 d - 3 scrolls of remove curse
 j - 8 scrolls of enchant weapon
 D - 6 scrolls of fear
 I - a scroll of magic mapping
 N - a scroll of blinking
Potions
 f - 4 potions of haste
 h - a potion of ambrosia
 k - 2 potions of cancellation
 m - a potion of might
 n - 3 potions of brilliance
 o - 4 potions of lignification {unknown}
 t - a potion of magic {unknown}
 u - a potion of invisibility {unknown}
 w - 7 potions of mutation {unknown}
 L - 3 potions of heal wounds
 M - 3 potions of curing
Comestibles
 c - 7 rations


   Skills:
 + Level 8.6(7.3) Fighting
 + Level 7.2(6.0) Short Blades
 + Level 7.2(6.0) Long Blades
 + Level 7.2(6.0) Axes
 + Level 7.2(6.0) Maces & Flails
 + Level 7.7(6.5) Polearms
 + Level 7.2(6.0) Staves
 + Level 7.2(6.0) Slings
 + Level 7.2(6.0) Bows
 + Level 7.2(6.0) Crossbows
 + Level 7.7(6.5) Throwing
 + Level 7.2(6.0) Armour
 + Level 8.6(7.3) Dodging
 + Level 7.2(6.0) Stealth
 + Level 7.2(6.0) Shields
 + Level 7.2(6.0) Unarmed Combat
 + Level 7.2(6.0) Spellcasting
 + Level 6.0(4.8) Conjurations
 + Level 6.0(4.8) Hexes
 + Level 6.0(4.8) Charms
 + Level 6.0(4.8) Summonings
 + Level 8.2(6.9) Necromancy
 + Level 6.0(4.8) Translocations
 + Level 6.0(4.8) Transmutations
 + Level 6.0(4.8) Fire Magic
 + Level 6.0(4.8) Ice Magic
 + Level 6.0(4.8) Air Magic
 + Level 6.0(4.8) Earth Magic
 + Level 6.0(4.8) Poison Magic
 + Level 7.9(6.6) Invocations
 + Level 7.7(6.5) Evocations


You had 22 spell levels left.
You knew the following spells:

 Your Spells              Type           Power        Failure   Level  Hunger
a - Confuse               Hex            ###.....     88%         3    ##.....


Dungeon Overview and Level Annotations

Branches:
Dungeon (12/15)            Temple (0/1) D:7            Lair (0/6) D:10
    Orc: D:9-12

Altars:
Dithmenos
Fedhas
Gozag
Kikubaaqudgha
Nemelex Xobeh
Okawaru
Sif Muna
Trog
Uskayaw
Wu Jian
Xom
Zin

Shops:
D:6 (   D:7 :   D:8 %

Annotations:
D:12 Nergalle


Innate Abilities, Weirdness & Mutations

Your experience applies equally to all skills.
You have very sharp teeth.
Your uncanny sense of smell can sniff out nearby items.


Message History

Your Summonings skill increases to level 6!
Your Translocations skill increases to level 6!
Your Transmutations skill increases to level 6!
Your Fire Magic skill increases to level 6!
Your Ice Magic skill increases to level 6!
Your Air Magic skill increases to level 6!
Your Earth Magic skill increases to level 6!
Your Poison Magic skill increases to level 6!
Nergalle gestures at you while chanting.
The bolt of negative energy hits you!
You feel drained.
* * * LOW HITPOINT WARNING * * *
Unknown command.
As you read the scroll of teleportation, it crumbles to dust.
You feel strangely unstable. You block the spectral orc's attack.
Nergalle casts a spell at you.
The bolt of negative energy hits the spectral orc warrior.
The spectral orc warrior completely resists.
The bolt of negative energy hits you!
You feel drained.
You die...
Your body crumbles into a pile of gold.

######### #........
####+###########........
###...........##oo.....o..
..'...........##Z#.......o
.##...........##@#....o...
###...........#Z.#........
##............#.##........
≈...≈≈≈.......#.##........
#+++##≈.......'.##........
#≈.......####........
#≈######## ######### #≈# $
∆ ∆#≈


You could see Nergalle, a spectral orc, a spectral orc warrior and an orc
priest.

Vanquished Creatures
  Erolcha (D:11)
  A death yak (D:8)
  3 two-headed ogres
  Pikel (D:6)
  A deep elf mage (D:8)
  A salamander (shapeshifter) (D:12)
  A centaur zombie (D:12)
  The ghost of 4thArraOfDagon the Skirmisher, a novice OpAM of Cheibriados (D:7)
  A gargoyle (D:10)
  A komodo dragon (D:10)
  A hornet (D:11)
  A hippogriff (D:12)
  Sigmund (D:3)
  A wraith (D:10)
  31 yaks
  The ghost of kuniqs the Shield-Bearer, an amateur MiFi of Makhleb (D:3)
  4 vampire mosquitoes
  A soldier ant (D:11)
  A water moccasin (D:11)
  Edmund (D:6)
  An eye of draining (D:12)
  4 orc warriors
  A slave (D:5)
  3 sky beasts
  6 ice beasts
  A necrophage (D:6)
  A wolf (D:11)
  4 ogres
  7 bullfrogs
  2 wyvern zombies (D:8)
  4 scorpions
  18 killer bees
  A water moccasin skeleton (D:6)
  2 electric eels (D:8)
  2 howler monkeys
  14 crimson imps
  4 jellies
  4 hounds
  5 bullfrog zombies
  8 orc priests
  A bullfrog skeleton (D:12)
  2 centaur skeletons (D:5)
  10 orc wizards
  Crazy Yiuf (D:2)
  2 iguanas
  12 worker ants
  A hound skeleton (D:5)
  2 worker ant zombies
  8 gnolls
  10 adders
  A river rat (D:3)
  A hound simulacrum (D:11)
  2 shadow imps
  A white imp (D:11)
  4 oozes
  3 adder skeletons
  2 worms
  2 dart slugs
  4 leopard geckos
  34 orcs
  4 bats
  9 giant cockroaches
  5 goblins
  7 hobgoblins
  2 jackals (D:5)
  4 quokkas
  A ball python (D:7)
  4 frilled lizards
  10 kobolds
  8 rats
304 creatures vanquished.

Notes
Turn   | Place    | Note
-------+----------+-------------------------------------------
     0 | D:1      | tsouns the Gnoll Wanderer began the quest for the Orb.
     0 | D:1      | tsouns set off with: a wand of flame (15), a potion of curing, a +0 spear, a +0 robe, a ration
     0 | D:1      | Reached XP level 1. HP: 20/20 MP: 2/2
   161 | D:1      | Reached XP level 2. HP: 26/26 MP: 3/3
   917 | D:2      | Found an ornate altar of the Wu Jian Council.
   951 | D:2      | Found a runed door.
   969 | D:2      | Reached XP level 3. HP: 25/31 MP: 4/4
  1077 | D:2      | Found a blossoming altar of Fedhas.
  1140 | D:2      | Found a glowing silver altar of Zin.
  1141 | D:2      | Found an opulent altar of Gozag.
  1154 | D:2      | Became a worshipper of Gozag Ym Sagoz the Greedy
  1208 | D:2      | Reached skill level 1 in Invocations
  1394 | D:2      | Noticed Crazy Yiuf
  1410 | D:2      | Killed Crazy Yiuf
  1410 | D:2      | Reached skill level 1 in Short Blades
  1410 | D:2      | Reached skill level 1 in Long Blades
  1410 | D:2      | Reached skill level 1 in Axes
  1410 | D:2      | Reached skill level 1 in Maces & Flails
  1410 | D:2      | Reached skill level 1 in Staves
  1410 | D:2      | Reached skill level 1 in Slings
  1410 | D:2      | Reached skill level 1 in Bows
  1410 | D:2      | Reached skill level 1 in Crossbows
  1410 | D:2      | Reached skill level 1 in Armour
  1410 | D:2      | Reached skill level 1 in Stealth
  1410 | D:2      | Reached skill level 1 in Shields
  1410 | D:2      | Reached skill level 1 in Unarmed Combat
  1410 | D:2      | Reached skill level 1 in Spellcasting
  1410 | D:2      | Reached XP level 4. HP: 32/38 MP: 4/6
  1467 | D:3      | Noticed kuniqs's ghost (amateur MiFi)
  1926 | D:3      | Noticed Sigmund
  1935 | D:3      | Reached skill level 1 in Conjurations
  1935 | D:3      | Reached skill level 1 in Hexes
  1935 | D:3      | Reached skill level 1 in Charms
  1935 | D:3      | Reached skill level 1 in Summonings
  1935 | D:3      | Reached skill level 1 in Translocations
  1935 | D:3      | Reached skill level 1 in Transmutations
  1935 | D:3      | Reached skill level 1 in Fire Magic
  1935 | D:3      | Reached skill level 1 in Ice Magic
  1935 | D:3      | Reached skill level 1 in Air Magic
  1935 | D:3      | Reached skill level 1 in Earth Magic
  1935 | D:3      | Reached skill level 1 in Poison Magic
  1963 | D:3      | Killed Sigmund
  1963 | D:3      | Reached XP level 5. HP: 13/43 MP: 7/7
  1963 | D:3      | Reached XP level 6. HP: 15/50 MP: 8/8
  2513 | D:3      | Killed kuniqs's ghost
  2513 | D:3      | Reached skill level 5 in Fighting
  2513 | D:3      | Reached skill level 5 in Dodging
  2513 | D:3      | Reached XP level 7. HP: 32/56 MP: 8/10
  2562 | D:3      | Found a faded altar of an unknown god.
  4146 | D:5      | Entered Level 5 of the Dungeon
  4177 | D:5      | Found a shadowy altar of Dithmenos.
  4283 | D:5      | Reached XP level 8. HP: 44/63 MP: 12/12
  4877 | D:5      | Found a shimmering altar of Xom.
  5651 | D:6      | Noticed Pikel
  5737 | D:6      | Noticed Edmund
  5760 | D:6      | Killed Edmund
  5812 | D:6      | Got a wavering amber ring
  6083 | D:6      | Found an iron altar of Okawaru.
  6164 | D:6      | Found Ilichen's Weapon Emporium.
  6187 | D:5      | Reached XP level 9. HP: 25/69 MP: 14/14
  6809 | D:6      | Killed Pikel
  6809 | D:6      | Reached skill level 5 in Polearms
  6809 | D:6      | Reached skill level 5 in Throwing
  6809 | D:6      | Reached skill level 5 in Evocations
  7240 | D:6      | Found an ancient bone altar of Kikubaaqudgha.
  7376 | D:7      | Found a staircase to the Ecumenical Temple.
  7440 | D:7      | Found Geosoenei's Book Boutique.
  7490 | D:7      | Identified the ring "Plog" {SInv Stlth+} (You took it off an orc on level 6 of the Dungeon)
  7521 | D:7      | Reached skill level 5 in Invocations
  7631 | D:7      | Noticed 4thArraOfDagon's ghost (novice OpAM)
  7647 | D:7      | Killed 4thArraOfDagon's ghost
  7692 | D:7      | Learned a level 3 spell: Confuse
  7860 | D:7      | Reached XP level 10. HP: 58/75 MP: 17/17
  8602 | D:8      | Bought a ration for 65 gold pieces
  8602 | D:8      | Bought a ration for 65 gold pieces
  8602 | D:8      | Bought a ration for 65 gold pieces
  8602 | D:8      | Bought a ration for 65 gold pieces
  8602 | D:8      | Bought a ration for 65 gold pieces
  8602 | D:8      | Bought a ration for 65 gold pieces
  8602 | D:8      | Bought a ration for 65 gold pieces
  8631 | D:8      | Reached skill level 5 in Short Blades
  8631 | D:8      | Reached skill level 5 in Long Blades
  8631 | D:8      | Reached skill level 5 in Axes
  8631 | D:8      | Reached skill level 5 in Maces & Flails
  8631 | D:8      | Reached skill level 5 in Staves
  8631 | D:8      | Reached skill level 5 in Slings
  8631 | D:8      | Reached skill level 5 in Bows
  8631 | D:8      | Reached skill level 5 in Crossbows
  8631 | D:8      | Reached skill level 5 in Armour
  8631 | D:8      | Reached skill level 5 in Stealth
  8631 | D:8      | Reached skill level 5 in Shields
  8631 | D:8      | Reached skill level 5 in Unarmed Combat
  8631 | D:8      | Reached skill level 5 in Spellcasting
  9316 | D:8      | Noticed a death yak
  9331 | D:8      | Killed a death yak
  9800 | D:8      | Reached XP level 11. HP: 52/84 MP: 10/19
 10102 | D:8      | Found a deep blue altar of Sif Muna.
 10105 | D:8      | Found a bloodstained altar of Trog.
 10111 | D:8      | Found a hide-covered altar of Uskayaw.
 10245 | D:8      | Noticed a deep elf mage
 10265 | D:8      | Killed a deep elf mage
 10686 | D:9      | Noticed a two-headed ogre
 10693 | D:9      | Killed a two-headed ogre
 10693 | D:9      | Reached skill level 5 in Conjurations
 10693 | D:9      | Reached skill level 5 in Hexes
 10693 | D:9      | Reached skill level 5 in Charms
 10693 | D:9      | Reached skill level 5 in Summonings
 10693 | D:9      | Reached skill level 5 in Translocations
 10693 | D:9      | Reached skill level 5 in Transmutations
 10693 | D:9      | Reached skill level 5 in Fire Magic
 10693 | D:9      | Reached skill level 5 in Ice Magic
 10693 | D:9      | Reached skill level 5 in Air Magic
 10693 | D:9      | Reached skill level 5 in Earth Magic
 10693 | D:9      | Reached skill level 5 in Poison Magic
 11442 | D:9      | Found a sparkling altar of Nemelex Xobeh.
 11925 | D:10     | Entered Level 10 of the Dungeon
 11928 | D:10     | Found a staircase to the Lair.
 12440 | D:10     | Found a shimmering altar of Xom.
 13408 | D:11     | Noticed a two-headed ogre
 13428 | D:11     | Killed a two-headed ogre
 14009 | D:11     | Noticed Erolcha
 14067 | D:11     | Killed Erolcha
 14219 | D:11     | Reached XP level 12. HP: 87/93 MP: 22/22
 15389 | D:12     | Noticed a two-headed ogre
 15392 | D:12     | Killed a two-headed ogre
 15657 | D:12     | Noticed Nergalle
 15671 | D:12     | Killed from afar by Nergalle

Vault maps used:
D:1:      dpeg_arrival_ternary
D:2:      grunt_temple_overflow_gold_and_silver, old_standard_altar,
          old_standard_altar, first_ration, uniq_crazy_yiuf_cottage
D:3:      gup_sewer_entry_spiral, chequers_ecumenical_altar_simple_redux,
          uniq_sigmund
D:5:      grunt_dithmenos_smoke_and_mirrors, led_xom_imps
D:6:      okawaru_metal_pillars_3, serial_shops, shop, serial_glass,
          glass_columns_a, glass_columns_a, basic_altar, minmay_fountain_box,
          minivault_26, uniq_edmund, uniq_pikel
D:7:      serial_shops, shop
D:8:      argonaut_augean_stables, minitemple, guppyfry_early_elven_hall
D:9:      basic_altar, grunt_pizzeria
D:10:     dpeg_oklobed_lair, basic_altar
D:11:     serial_ice, serial_ice_h, serial_ice_c, serial_ice_f, serial_ice_m,
          bh_walls_and_bars, uniq_erolcha
D:12:     orc_0_dummy, minmay_orc_keep, uniq_nergalle

Skill      XL: |  1  2  3  4  5  6  7  8  9 10 11 12 |
---------------+-------------------------------------+-----
Invocations    | 1 2 3 4 5 6 7 |  7.9
Short Blades   | 1 2 3 4 5 6 7 |  7.2
Long Blades    | 1 2 3 4 5 6 7 |  7.2
Axes           | 1 2 3 4 5 6 7 |  7.2
Maces & Flails | 1 2 3 4 5 6 7 |  7.2
Staves         | 1 2 3 4 5 6 7 |  7.2
Slings         | 1 2 3 4 5 6 7 |  7.2
Bows           | 1 2 3 4 5 6 7 |  7.2
Crossbows      | 1 2 3 4 5 6 7 |  7.2
Armour         | 1 2 3 4 5 6 7 |  7.2
Stealth        | 1 2 3 4 5 6 7 |  7.2
Shields        | 1 2 3 4 5 6 7 |  7.2
Unarmed Combat | 1 2 3 4 5 6 7 |  7.2
Spellcasting   | 1 2 3 4 5 6 7 |  7.2
Conjurations   | 1 2 3 4 5 6 |  6.0
Hexes          | 1 2 3 4 5 6 |  6.0
Charms         | 1 2 3 4 5 6 |  6.0
Summonings     | 1 2 3 4 5 6 |  6.0
Translocations | 1 2 3 4 5 6 |  6.0
Transmutations | 1 2 3 4 5 6 |  6.0
Fire Magic     | 1 2 3 4 5 6 |  6.0
Ice Magic      | 1 2 3 4 5 6 |  6.0
Air Magic      | 1 2 3 4 5 6 |  6.0
Earth Magic    | 1 2 3 4 5 6 |  6.0
Poison Magic   | 1 2 3 4 5 6 |  6.0
Polearms       | 3 4 5 6 7 |  7.7
Throwing       | 3 4 5 6 7 |  7.7
Evocations     | 3 4 5 6 7 |  7.7
Fighting       | 5 6 7 8 |  8.6
Dodging        | 5 6 7 8 |  8.6
Necromancy     | 6 7 8 |  8.2

Action                   |  1- 3 |  4- 6 |  7- 9 | 10-12 || total
-------------------------+-------+-------+-------+-------++-------
Melee: Spear             |    94 |       |   591 |       ||   685
       Bite              |     9 |    15 |   113 |   141 ||   278
       Dagger            |       |    65 |   291 |   740 ||  1096
       Quarterstaff      |       |    24 |     7 |       ||    31
       Punch             |       |       |    14 |    21 ||    35
       Flail             |       |       |    39 |    87 ||   126
       Halberd           |       |       |       |   204 ||   204
       Rapier            |       |       |       |     8 ||     8
Throw: Javelin           |       |       |       |    11 ||    11
 Cast: Confuse           |       |       |       |    14 ||    14
Invok: Call Merchant     |       |       |       |     1 ||     1
Evoke: Wand              |       |     7 |    11 |    35 ||    53
  Use: Scroll            |     7 |     1 |    10 |     7 ||    25
       Potion            |     2 |     1 |     1 |     4 ||     8
 Stab: Sleeping          |     2 |     1 |     3 |    14 ||    20
       Distracted        |     1 |       |     1 |     5 ||     7
       Confused          |       |       |       |     9 ||     9
  Eat: Chunk             |     1 |       |       |       ||     1
       Ration            |       |     1 |     6 |     8 ||    15
Armor: Robe              |     6 |       |       |       ||     6
       Ring mail         |     5 |    25 |   241 |   173 ||   444
       Chain mail        |       |       |       |   186 ||   186
Dodge: Dodged            |    35 |    55 |   520 |   481 ||  1091
Block: Large shield      |       |       |       |     5 ||     5

Table legend:
 A = Spawn XP
 B = Non-spawn XP
 C = Spawn XP percentage of total XP
 D = Spawn monster count
 E = Non-spawn monster count
 F = Spawn count percentage of total count
 G = Total turns spent on level
                    A         B        C        D         E        F      G
               +---------+---------+-------+---------+---------+-------+---------
         Total |       0 |   24679 |   0.0 |       0 |     303 |   0.0 | 15671
               +---------+---------+-------+---------+---------+-------+---------
           D:1 |       0 |      30 |   0.0 |       0 |      13 |   0.0 |   917
           D:2 |       0 |      72 |   0.0 |       0 |      15 |   0.0 |   763
           D:3 |       0 |     582 |   0.0 |       0 |      35 |   0.0 |  1319
           D:4 |       0 |     321 |   0.0 |       0 |      15 |   0.0 |  1147
           D:5 |       0 |    1039 |   0.0 |       0 |      29 |   0.0 |  1983
           D:6 |       0 |    1960 |   0.0 |       0 |      33 |   0.0 |  1183
           D:7 |       0 |    1308 |   0.0 |       0 |      20 |   0.0 |  1279
           D:8 |       0 |    5037 |   0.0 |       0 |      38 |   0.0 |  1845
           D:9 |       0 |    3105 |   0.0 |       0 |      19 |   0.0 |  1489
          D:10 |       0 |    1355 |   0.0 |       0 |      13 |   0.0 |  1784
          D:11 |       0 |    5894 |   0.0 |       0 |      53 |   0.0 |  1645
          D:12 |       0 |    3976 |   0.0 |       0 |      20 |   0.0 |   317
               +---------+---------+-------+---------+---------+-------+---------
